 Dungeon Crawl Stone Soup version 0.21.1-1-g345015f (webtiles) character file.

436 sking99 the Ruffian (level 6, -6/62 HPs)
             Began as a Troll Monk on July 2, 2018.
             Mangled by a wyvern (11 damage)
             ... on level 4 of the Dungeon.
             The game lasted 00:05:00 (2880 turns).

sking99 the Ruffian (Troll Monk)                    Turns: 2880, Time: 00:05:01

Health: -6/62      AC:  5    Str: 20    XL:     6   Next: 69%
Magic:  5/5        EV: 10    Int:  6    God:
Gold:   166        SH:  0    Dex: 14    Spells: 4/5 levels left

rFire    . . .     SeeInvis .     - Unarmed
rCold    . . .     Gourm    +   (no shield)
rNeg     . . .     Faith    .   a - +0 robe
rPois    .         Spirit   .   (helmet restricted)
rElec    .         Reflect  .   l - scarf {repulsion}
rCorr    .         Harm     .   (gloves unavailable)
MR       .....                  (boots unavailable)
Stlth    ++........             (no amulet)
HPRegen  0.60/turn              (no ring)
MPRegen  0.09/turn              (no ring)

@: repel missiles
A: large, unfitting armour, claws 3, fast metabolism 3, gourmand, regeneration
1, shaggy fur 1, tough skin 2
a: no special abilities


You were on level 4 of the Dungeon.
You were completely stuffed.

You visited 1 branch of the dungeon, and saw 4 of its levels.

You collected 166 gold pieces.

Inventory:

Missiles
 g - 157 stones (quivered)
Armour
 a - a +0 robe (worn)
 l - a scarf of repulsion (worn)
Jewellery
 n - an uncursed amulet of harm {unknown}
 o - an uncursed ring of positive energy {unknown}
 q - a +3 ring of dexterity {unknown}
Scrolls
 d - a scroll of immolation {unknown}
 f - 2 scrolls of identify {unknown}
 j - a scroll of teleportation {unknown}
 s - 2 scrolls of magic mapping {unknown}
Potions
 c - a potion of curing
 e - a potion of degeneration {unknown}
 h - a potion of berserk rage {unknown}
 k - a potion of mutation {unknown}
 m - a potion of flight {unknown}
 p - a potion of brilliance {unknown}
 t - 3 potions of heal wounds {unknown}
 u - a potion of cancellation {unknown}
Books
 r - a book of Cantrips

   Spells                             Type                      Level
   a - Confusing Touch                Hexes                        1
   b - Animate Skeleton               Necromancy                   1
   c - Summon Small Mammal            Summoning                    1
   d - Apportation                    Translocation                1
Comestibles
 b - 6 rations
 i - 6 chunks of flesh


   Skills:
 + Level 4.1 Fighting
 - Level 2.4 Dodging
 - Level 1.0 Stealth
 * Level 6.5 Unarmed Combat


You had 4 spell levels left.
You knew the following spells:

 Your Spells              Type           Power        Failure   Level  Hunger
a - Apportation           Tloc           #.....       45%         1    ##.....


Dungeon Overview and Level Annotations

Branches:
Dungeon (4/15)
 Temple: D:4-7

Altars:
Fedhas
Trog

Annotations:
D:2 1 runed door
D:4 Grinder


Innate Abilities, Weirdness & Mutations

You are too large for most types of armour.
You have claws for hands.
Your metabolism is lightning-fast.
You like to eat raw meat.
Your natural rate of healing is unusually fast.
You are covered in fur. (AC +1)
You have very tough skin. (AC +2)


Message History

The orc hits you but does no damage.
You claw the orc!
You kill the orc!
The wyvern bites you.
You closely miss the wyvern. The wyvern bites you.
You scratch the wyvern.
The wyvern is lightly wounded.
Grinder says, "There's only one good use for a tongue: cutting it out."
The wyvern bites you!
You claw the wyvern!
The wyvern is heavily wounded.
The wyvern bites you!
Grinder blinks!
The wyvern bites you!
* * * LOW HITPOINT WARNING * * *
It was a potion of curing.
You feel better. The wyvern barely misses you.
You claw the wyvern!
The wyvern is almost dead.
The wyvern bites you!
* * * LOW HITPOINT WARNING * * *
The wyvern bites you!
You die...

# .#
###.#####.#..#
.
.............#
.
###...##.###.#
###.....(..# #
.......o...#
##5......o#
###.l.##o#
#...##l###.#
........@...#
###.####.#####
#. #.# #. #..
.. ##. . ##


You could see a wyvern and 2 orcs.

Vanquished Creatures
  An ogre (D:3)
  3 orc priests
  An orc wizard (D:4)
  An iguana (D:4)
  A centaur skeleton (D:4)
  A hound skeleton (D:3)
  Robin (D:4)
  4 adders
  An adder skeleton (D:3)
  A worm (D:2)
  2 dart slugs
  2 leopard geckos
  10 orcs
  2 bats (D:3)
  5 giant cockroaches
  12 goblins
  20 hobgoblins
  11 jackals
  9 kobolds
  2 quokkas (D:3)
  2 frilled lizards (D:1)
  A jackal zombie (D:3)
  8 rats
101 creatures vanquished.

Notes
Turn   | Place    | Note
-------+----------+-------------------------------------------
     0 | D:1      | sking99 the Troll Monk began the quest for the Orb.
     0 | D:1      | Reached XP level 1. HP: 22/22 MP: 0/0
    46 | D:1      | Reached XP level 2. HP: 17/29 MP: 1/1
   723 | D:2      | Reached XP level 3. HP: 35/36 MP: 2/2
   788 | D:2      | Reached skill level 4 in Unarmed Combat
   942 | D:2      | Found a runed door.
  1226 | D:2      | Reached XP level 4. HP: 38/45 MP: 3/3
  1753 | D:3      | Noticed an ogre
  1780 | D:3      | HP: 2/45 [ogre/giant club (14)]
  1831 | D:3      | Killed an ogre
  1831 | D:3      | Reached skill level 5 in Unarmed Combat
  1831 | D:3      | Reached XP level 5. HP: 22/53 MP: 4/4
  2036 | D:3      | Found a blossoming altar of Fedhas.
  2140 | D:3      | Reached XP level 6. HP: 57/62 MP: 5/5
  2442 | D:3      | Learned a level 1 spell: Apportation
  2502 | D:4      | Reached skill level 6 in Unarmed Combat
  2550 | D:4      | Noticed Robin
  2573 | D:4      | Killed Robin
  2764 | D:4      | Found a bloodstained altar of Trog.
  2860 | D:4      | Noticed a wyvern
  2867 | D:4      | Noticed Grinder
  2880 | D:4      | Mangled by a wyvern

Skill      XL: |  1  2  3  4  5  6 |
---------------+-------------------+-----
Unarmed Combat | 4 5 6 |  6.5
Fighting       | 3 4 |  4.1
Dodging        | |  2.4
Stealth        | |  1.0

Action                   |  1- 3 |  4- 6 || total
-------------------------+-------+-------++-------
Melee: Unarmed           |   106 |   153 ||   259
       Punch             |       |     3 ||     3
Throw: Stone             |       |     4 ||     4
  Use: Potion            |       |     1 ||     1
 Stab: Sleeping          |     3 |       ||     3
  Eat: Chunk             |    17 |    15 ||    32
Armor: Robe              |    36 |    32 ||    68
Dodge: Dodged            |    49 |    64 ||   113
       Deflected         |       |     6 ||     6
